 Dungeon Crawl Stone Soup version 0.30-a0-585-g93115170b9 (webtiles) character file.

Game seed: 10328131601438375187

58 wormed the Sneak (level 4, -4/29 HPs)
             Began as a Kobold Delver on Jan 1, 2023.
             Slain by a bullfrog (5 damage)
             ... on level 4 of the Dungeon.
             The game lasted 00:00:45 (115 turns).

wormed the Sneak (Kobold Delver)                     Turns: 115, Time: 00:00:46

Health: -4/29      AC:  3    Str:  9    XL:     4   Next: 21%
Magic:  4/4        EV: 15    Int: 11    God:
Gold:   7          SH:  0    Dex: 18    Spells: 3/3 levels left

rFire   . . .      SeeInvis .    a - +0 short sword
rCold   . . .      Faith    .    (no shield)
rNeg    . . .      Spirit   .    b - +0 leather armour
rPois   .          Reflect  .    (no helmet)
rElec   .          Harm     .    (no cloak)
rCorr   .          Rampage  .    (no gloves)
Will    .....                    (no boots)
Stlth   ++++                     (no amulet)
HPRegen 0.24/turn                (no ring)
MPRegen 0.09/turn                (no ring)

@: lethally poisoned (-4 -> -9), hasted, very quick
A: small, no large weapons, nightstalker 3
a: no special abilities


You were on level 4 of the Dungeon.
You visited 1 branch of the dungeon, and saw 2 of its levels.

You collected 7 gold pieces.

Inventory:

Hand Weapons
 a - a +0 short sword (weapon)
Armour
 b - a +0 leather armour (worn)
Wands
 g - a wand of digging (3)


   Skills:
 + Level 3.7 Fighting
 * Level 4.1 Short Blades
 + Level 3.1 Dodging
 + Level 7.0 Stealth


You had 3 spell levels left.
You didn't know any spells.
Your spell library was empty.

Dungeon Overview and Level Annotations

Branches:
Dungeon (5/15)
 Temple: D:4-7

Altars:


Innate Abilities, Weirdness & Mutations

You are small and have problems with some larger weapons.
You are completely attuned to the shadows.


Message History

You have reached level 4!
As you read the scroll of magic mapping, it crumbles to dust.
You feel aware of your surroundings.
You sensed 2 altars.
You see here a scorpion corpse.
You open the door.
There is an open door here.
Found 10 gold pieces.
Found a large runed translucent door.
Found 7 gold pieces and a book of Spatial Translocations.
Found a curved jewelled staff.
You now have 7 gold pieces.
Found a runed quarterstaff.
An orc comes into view. It is wielding a +0 whip.
You open the large door.
Found a runed long sword.
The water moccasin hisses angrily.
There is a large open translucent door here.
The water moccasin attacks as you move away!
The water moccasin bites you! x2
You are poisoned.
The water moccasin poisons you!
As you read the scroll of fear, it crumbles to dust.
You assume a fearsome visage.
The bullfrog croaks.
The bullfrog easily resists.
The water moccasin looks frightened!
You feel very sick.
You feel very sick.
You feel yourself speed up.
* * * LOW HITPOINT WARNING * * *
You feel sick.
The bullfrog hits you but does no damage.
The bullfrog hits you.
* * * LOW HITPOINT WARNING * * *
As you read the scroll of fog, it crumbles to dust.
The scroll dissolves into smoke.
* * * LOW HITPOINT WARNING * * *
You feel sick. The bullfrog misses you.
* * * LOW HITPOINT WARNING * * *
You feel sick. The bullfrog attacks as you move away! The bullfrog hits you.
You die...

,,,,,,,,,,,,,,,,,,,,,,,,,,,,,,,,*
**,,,,,******,,,,*#****,,******,,
***,,,** *,,,,##.,,,****,,,,**, *
**********,,*,#.#,**,**,,***,*, *
*,,,,,,,,,#.#.#,,****,**,*,*, *
*********,*#.#.###,,**,*,**,*,
*****,*,*,**,*#.#.#†##,**,**,*,*,
**,,*,,,,,**,*#.##.#.#*****,,,**,
**,,+,,,,***,*#§@###'# *'***,,
<,,,+,,,,,**,*##§F§..####**,,,,,*
,,,,+,,,,***,*#§§§§.##8|)8**,**,,
,*,,*,,,,,**,*#§###.#8...,8*,****
*****,*,*,**,*#.* #.'....,,+,* *
**********,*#,* #.'......+,** *
**,* *,** *,**,* #.#8....8*..# *
**,** **,* *,,,,* #.##8:)8##..# *
,,,,***,** ****,* #..######...# *


You could see a bullfrog.

Vanquished Creatures
  A scorpion (D:4)
  A ball python (D:4)
2 creatures vanquished.

Notes
Turn   | Place    | Note
-------+----------+-------------------------------------------
     0 | D:5      | wormed the Kobold Delver began the quest for the Orb.
     0 | D:5      | Reached XP level 1. HP: 14/14 MP: 1/1
    70 | D:4      | Noticed a scorpion
    71 | D:4      | Killed a scorpion
    72 | D:4      | Reached skill level 7 in Stealth
    72 | D:4      | Reached XP level 2. HP: 20/20 MP: 2/2
    72 | D:4      | Reached XP level 3. HP: 24/24 MP: 3/3
    72 | D:4      | Reached XP level 4. HP: 29/29 MP: 4/4
    77 | D:4      | Found a large runed translucent door.
    77 | D:4      | Found a large runed translucent door.
    79 | D:4      | Noticed a bullfrog
    87 | D:4      | Noticed a water moccasin
   113 | D:4      | HP: 1/29 [poisoned by a water moccasin]
   115 | D:4      | Slain by a bullfrog

Illustrated notes

Levels and vault maps discovered:
D:4:      layout_loops_ring, mainiacjoe_overflow_swirl,
          gammafunk_ghost_necromancy, minmay_hollow_rounded_squares,
          uniq_crazy_yiuf_cottage, uniq_eustachio
D:5:      layout_basic, kennysheep_boxes, uniq_ijyb

Skill      XL: |  1 |
---------------+----+-----
Short Blades   | 4 |  4.1
Dodging        | 3 |  3.1
Stealth        | 7 |  7.0
Fighting       | |  3.7

Action                   |  1- 3 |  4- 6 || total
-------------------------+-------+-------++-------
Melee: Short sword       |     2 |       ||     2
  Use: Scroll            |       |     3 ||     3
       Potion            |       |     1 ||     1
 Stab: Sleeping          |     2 |       ||     2
Armor: Leather armour    |       |     1 ||     1
Dodge: Dodged            |       |     1 ||     1

Table legend: (Time is in decaauts)
 A = Elapsed time spent in this place.
 B = Non-inter-level travel time spent in this place.
 C = Inter-level travel time spent in this place.
 D = Time resting spent in this place.
 E = Time spent auto-exploring this place.
 F = Levels seen in this place.
 G = Mean time per level.
                   A        B        C        D        E       F      G
               +--------+--------+--------+--------+--------+-----+--------+
         Total |    113 |     93 |     20 |      0 |     58 |   2 |   56.5 |
       Dungeon |    113 |     93 |     20 |      0 |     58 |   2 |   56.5 |
               +--------+--------+--------+--------+--------+-----+--------+

Top non-repeatable levels by time:
     D:4: 88 daAuts
     D:5: 25 daAuts
